Map: Goldenaura LE

Players

Rex

  • Race: Zerg Zerg
  • League: Master
  • Spawn Location: 12:00

Firefly - Winner!

  • Race: Protoss Protoss
  • Spawn Location: 5:00

Event: IEM Katowice 2024

VOD

Have the link to the VOD?

Description

Time

  • Played on: Dec. 5, 2023, 5:30 a.m.
  • Length: 8:51

All games in this series

Show
View Real Time Build Order
Export as new Build Order

Rex Zerg 

Build Orders: Hatch First 

Get SALT Encoding   

  12  0:00  Drone  
  13  0:11  Overlord  
  13  0:17  Drone  
  14  0:30  Drone x2  
  16  0:48  Hatchery  
  15  0:52  Drone  
  15  0:56  Drone  
  17  0:58  Drone  
  18  1:10  Extractor  
  17  1:14  Spawning Pool  
  17  1:16  Drone  
  17  1:20  Drone  
  18  1:27  Drone  
  19  1:38  Drone  
  20  1:48  Overlord  
  20  2:00  Queen x2  
  20  2:01  Zergling x4  
  26  2:10  Drone  
  26  2:12  Metabolic Boost  
  26  2:14  Drone  
  28  2:22  Drone x2  
  30  2:34  Hatchery  
  29  2:42  Drone  
  29  2:43  Drone  
  31  2:46  Queen  
  31  2:50  Overlord  
  33  2:54  Drone  
  33  2:55  Drone  
  33  2:57  Drone  
  36  3:08  Queen  
  36  3:10  Drone x3  
  41  3:16  Overlord  
  41  3:24  Queen  
  41  3:26  Drone  
  44  3:29  Overlord  
  44  3:32  Spore Crawler  
  44  3:33  Overlord  
  44  3:34  Overlord  
  44  3:40  Overlord  
  44  3:46  Queen  
  46  3:48  Drone x3  
  46  3:51  Spore Crawler  
  46  3:55  Drone x2  
  50  3:56  Drone  
  50  4:01  Zergling x2, Drone  
  53  4:03  Drone  
  53  4:04  Drone  
  53  4:06  Drone  
  56  4:10  Spore Crawler  
  56  4:11  Drone  
  56  4:12  Drone  
  57  4:19  Drone x4  
  61  4:26  Drone x3  
  63  4:32  Overlord  
  63  4:36  Spore Crawler  
  60  4:39  Lair  
  60  4:40  Extractor  
  60  4:41  Drone, Extractor  
  60  4:46  Drone  
  60  4:47  Roach Warren  
  60  4:48  Drone  
  60  4:50  Drone x2  
  60  4:52  Drone  
  64  4:55  Drone x2  
  64  4:58  Drone x2  
  64  4:59  Drone  
  69  5:07  Zergling x12  
  69  5:14  Overlord x2  
  75  5:18  Extractor  
  75  5:20  Overlord x3  
  74  5:27  Overlord  
  74  5:36  Drone  
  74  5:37  Drone x2  
  74  5:39  Drone x2  
  74  5:40  Evolution Chamber, Hatchery  
  77  5:44  Extractor  
  76  5:53  Glial Reconstitution  
  76  5:54  Drone x3  
  76  5:56  Roach x5  
  89  6:02  Extractor  
  88  6:04  Infestation Pit  
  88  6:06  Spore Crawler  
  85  6:11  Drone  
  85  6:12  Drone x6  
  85  6:17  Zerg Missile Weapons Level 1  
  89  6:20  Roach x2  
  89  6:23  Drone x2  
  95  6:26  Roach  
  95  6:30  Roach  
  95  6:31  Roach  
  101  6:36  Roach x4  
  101  6:39  Roach  
  109  6:42  Roach  
  99  6:47  Roach x2  
  99  6:51  Roach  
  92  6:55  Roach x2  
  92  6:59  Roach  
  92  7:01  Roach  
  91  7:07  Roach x2  
  89  7:08  Drone  
  89  7:11  Drone  
  89  7:13  Drone  
  89  7:15  Drone  
  93  7:17  Roach  
  93  7:21  Roach  
  97  7:23  Overlord  
  97  7:27  Drone x2  
  97  7:35  Drone x3  
  100  7:37  Drone  
  100  7:40  Drone x2  
  100  7:41  Drone  
  100  7:43  Drone  
  105  7:49  Drone x4  
  110  7:51  Drone x2  
  110  7:53  Drone  
  110  7:54  Drone  
  110  7:55  Drone  
  112  8:19  Overlord x3  
  127  8:28  Overlord x2  
Show
View Real Time Build Order
Export as new Build Order

Firefly Protoss - Winner!

Build Orders: 1 Gate Expand, Oracle Opening, Zealot Archon 

Get SALT Encoding   

  12  0:00  Probe  
  13  0:12  Probe  
  14  0:18  Pylon  
  14  0:24  Probe  
  15  0:36  Probe (Chrono Boost)  
  16  0:44  Gateway  
  16  0:46  Assimilator, Probe (Chrono Boost)  
  17  0:51  Probe (Chrono Boost)  
  18  1:03  Probe  
  19  1:15  Probe  
  20  1:23  Nexus  
  20  1:36  Cybernetics Core  
  20  1:38  Probe  
  21  1:45  Assimilator  
  21  1:50  Probe  
  22  1:55  Pylon  
  22  2:02  Probe  
  23  2:13  Adept  
  23  2:15  Stargate  
  25  2:18  Probe (Chrono Boost)  
  26  2:25  Warp Gate  
  26  2:29  Probe (Chrono Boost)  
  27  2:35  Probe (Chrono Boost)  
  27  2:36  Probe (Chrono Boost)  
  29  2:45  Probe (Chrono Boost)  
  29  2:47  Probe (Chrono Boost)  
  31  2:54  Probe  
  31  2:56  Probe  
  33  3:01  Void Ray (Chrono Boost)  
  37  3:06  Probe  
  37  3:08  Probe  
  39  3:15  Gateway  
  39  3:18  Probe  
  39  3:19  Pylon  
  40  3:26  Probe  
  41  3:28  Oracle (Chrono Boost)  
  41  3:30  Probe  
  45  3:38  Probe  
  46  3:42  Probe  
  46  3:47  Nexus  
  47  3:50  Probe  
  47  3:52  Pylon  
  47  3:54  Probe  
  49  3:59  Twilight Council  
  49  4:04  Forge  
  49  4:05  Probe  
  49  4:07  Probe  
  51  4:19  Probe  
  51  4:20  Charge  
  51  4:23  Probe  
  53  4:31  Protoss Ground Weapons Level 1 (Chrono Boost)  
  53  4:32  Probe  
  54  4:39  Probe  
  54  4:42  Assimilator x2  
  54  4:44  Gateway, Pylon  
  55  4:46  Gateway  
  55  4:49  Probe  
  55  4:52  Probe  
  57  4:58  Gateway  
  57  4:59  Gateway  
  57  5:02  Gateway, Probe  
  57  5:04  Probe  
  57  5:05  Gateway  
  59  5:14  Templar Archives, Probe  
  60  5:17  Probe  
  60  5:20  Probe  
  62  5:24  Shield Battery  
  62  5:25  Zealot x2  
  62  5:26  Probe  
  67  5:30  Probe  
  67  5:33  Probe  
  69  5:38  Pylon  
  69  5:39  Probe  
  70  5:44  Pylon  
  70  5:45  Zealot x3  
  70  5:46  Zealot  
  70  5:48  Pylon, Probe  
  70  5:49  Probe  
  80  5:54  High Templar x2  
  84  6:00  High Templar, Archon  
  84  6:01  High Templar  
  88  6:04  Archon  
  88  6:13  Zealot x4  
  96  6:22  Probe x3  
  99  6:28  Nexus  
  99  6:30  Zealot x2  
  102  6:33  Zealot x3  
  104  6:48  Blink  
  104  6:53  Zealot x4  
  108  6:54  Zealot  
  90  7:11  Probe x2  
  90  7:12  Assimilator, Probe  
  90  7:13  Assimilator  
  90  7:14  Pylon  
  81  7:26  Stalker x7  
  81  7:27  Stalker  
  97  7:39  Shield Battery  
  97  7:40  Shield Battery  
  97  7:43  Probe  
  97  7:44  Probe x3  
  100  7:46  Pylon  
  100  7:51  Stalker x8  
  109  7:58  Probe x3  
  119  7:59  Probe  
  119  8:05  Shield Battery  
  121  8:20  Probe x2  
  121  8:21  Stalker x2, Probe  
  121  8:22  Stalker x5  
  121  8:24  Stalker  
  140  8:33  Robotics Facility  

Tags
 
Add a new tag
Caveats
  • Supply blocks, unpowered buildings, or Contaminate may cause inaccurate times.
  • Supply counts are checked every 10 seconds.